 Dungeon Crawl Stone Soup version 0.31-a0-149-g3fdcc5976a (webtiles) character file.

Game seed: 6110676748802700500

217 qw the Shooter (level 5, -9/46 HPs)
             Began as a Minotaur Hunter on June 7, 2023.
             Mangled by an ogre
             ... wielding a +0 giant club
              (15 damage)
             ... on level 4 of the Dungeon.
             The game lasted 00:00:57 (2423 turns).

qw the Shooter (Minotaur Hunter)                    Turns: 2423, Time: 00:00:58

Health: -9/46      AC:  5    Str: 15    XL:     5   Next: 61%
Magic:  4/4        EV: 11    Int:  6    God:
Gold:   130        SH:  0    Dex: 16    Spells: 4/4 levels left

rFire   . . .        Y - +0 shortbow
rCold   . . .        (shield currently unavailable)
rNeg    . . .        d - +0 ring mail
rPois   .            (helmet restricted)
rElec   .            a - scarf {repulsion}
rCorr   .            (no gloves)
SInv    +            (no boots)
Will    .....        (no amulet)
Stlth   +            c - ring of see invisible
HPRegen 0.27/turn    (no ring)
MPRegen 0.09/turn

%: repel missiles
@: no status effects
A: horns 2, retaliatory headbutt
a: no special abilities


You were on level 4 of the Dungeon.
You visited 1 branch of the dungeon, and saw 4 of its levels.

You collected 130 gold pieces.


Innate Abilities, Weirdness & Mutations

You have a pair of horns on your head.
You reflexively headbutt those who attack you in melee.


   Skills:
 - Level 4.1 Fighting
 + Level 6.8 Ranged Weapons
 - Level 1.0 Armour
 - Level 2.1 Dodging
 - Level 0.7 Stealth


You had 4 spell levels left.
You didn't know any spells.
Your spell library was empty.

Inventory:

Hand Weapons
 Y - a +0 shortbow (weapon)
Armour
 a - a scarf of repulsion (worn)
 d - a +0 ring mail (worn)
Jewellery
 c - a ring of see invisible (left hand)
Scrolls
 j - a scroll of identify
Potions
 b - a potion of haste
 f - a potion of might
 g - a potion of heal wounds {unknown}
 h - a potion of curing {unknown}
 i - a potion of mutation {unknown}

Dungeon Overview and Level Annotations

Branches:
Dungeon (4/15)
 Temple: D:4-7

Altars:
Qazlal
Xom
Yredelemnul

Annotations:
D:2 1 runed translucent door, Crazy Yiuf


Message History

A giant cockroach comes into view.
Found a stone staircase leading down.
You shoot an arrow.
The arrow barely misses the giant cockroach.
You shoot an arrow. The arrow hits the giant cockroach.
The giant cockroach is severely wounded.
The giant cockroach closely misses you.
You shoot an arrow.
The arrow barely misses the giant cockroach.
The giant cockroach closely misses you. You furiously retaliate!
You headbutt the giant cockroach!
You kill the giant cockroach!
An ogre comes into view. It is wielding a +0 giant club.
The ogre shouts!
You shoot an arrow. The arrow hits the ogre.
The ogre is moderately wounded.
You shoot an arrow. The arrow hits the ogre.
The ogre is moderately wounded.
You shoot an arrow.
The arrow hits the ogre but does no damage.
The ogre is moderately wounded.
You shoot an arrow. The arrow hits the ogre!
The ogre is heavily wounded.
You shoot an arrow.
The arrow hits the ogre but does no damage.
The ogre is heavily wounded.
The ogre hits you with a +0 giant club!!
Ouch! That really hurt!
You shoot an arrow.
The arrow hits the ogre but does no damage.
The ogre is heavily wounded.
You shoot an arrow. The arrow closely misses the ogre.
The ogre hits you with a +0 giant club!
You shoot an arrow. The arrow hits the ogre.
The ogre is severely wounded.
The ogre barely misses you. You furiously retaliate!
You headbutt the ogre! You shoot an arrow. The arrow hits the ogre.
The ogre is almost dead.
The ogre hits you with a +0 giant club!
You die...

#... #...
####...
.......
.......
....... ##.
#...####..>..
##....@O...#
#.....######
#.....#
##.....#####
#.......)..#
#..###..##.#
#.......##.#
#.##..#.##.#
###
#.......##.#


You could see an ogre.

Vanquished Creatures
  A hound (D:2)
  2 orc priests (D:3)
  An orc wizard (D:3)
  2 adders (D:3)
  2 worms
  2 dart slugs
  7 orcs (D:3)
  5 ball pythons
  2 bats (D:1)
  7 endoplasms
  4 giant cockroaches
  5 hobgoblins (D:1)
  2 quokkas
  2 frilled lizards
  10 goblins
  7 kobolds
  4 rats
65 creatures vanquished.

Notes
Turn   | Place    | Note
-------+----------+-------------------------------------------
     0 | D:1      | qw the Minotaur Hunter began the quest for the Orb.
     0 | D:1      | Reached XP level 1. HP: 18/18 MP: 0/0
     0 | D:1      | 0 ||| qw: Version: 0.2-a-117-gc6b5c8b
     0 | D:1      | 0 ||| qw: Game counter: 2630
     0 | D:1      | 0 ||| qw: Always use a shield: true
     0 | D:1      | 0 ||| qw: God list: Okawaru
     0 | D:1      | 0 ||| qw: Allow faded altars: false
     0 | D:1      | 0 ||| qw: Do Orc after D:15 true
     0 | D:1      | 0 ||| qw: Do second Lair branch before Depths: true
     0 | D:1      | 0 ||| qw: Lair rune preference: random
     0 | D:1      | 0 ||| qw: Plans: Normal
     0 | D:1      | 0 ||| PLANNING D:1-11
   118 | D:1      | Reached XP level 2. HP: 25/25 MP: 1/1
   140 | D:1      | Reached skill level 5 in Ranged Weapons
   177 | D:1      | Found a faded altar of an unknown god.
   248 | D:1      | Reached skill level 3 in Fighting
   630 | D:1      | Reached XP level 3. HP: 31/31 MP: 2/2
   829 | D:1      | 829 ||| UPGRADING to +0 ring mail.
   839 | D:1      | 839 ||| DROPPING +0 leather armour.
   840 | D:1      | 840 ||| READING scroll labelled BOPYUCAEZE.
   841 | D:1      | 841 ||| READING scroll labelled VEQEISAQEX.
   842 | D:1      | 842 ||| READING scroll labelled BUCWEA CUFUV.
   843 | D:1      | 843 ||| DRINKING 2 fuming golden potions.
   844 | D:1      | 844 ||| DROPPING scroll of butterflies.
   928 | D:2      | Reached skill level 1 in Armour
  1167 | D:2      | Found a runed translucent door.
  1168 | D:2      | Noticed Crazy Yiuf
  1393 | D:2      | 1393 ||| UPGRADING to ring of see invisible.
  1394 | D:2      | 1394 ||| READING 2 scrolls labelled ISAHA DUGA FUE.
  1460 | D:2      | 1460 ||| READING scroll labelled QIMAWOE TUPRYDGH.
  1461 | D:2      | 1461 ||| DRINKING 2 fizzy red potions.
  1462 | D:2      | 1462 ||| DROPPING potion of attraction.
  1491 | D:3      | 1491 ||| STAIRDANCE
  1502 | D:2      | Reached skill level 6 in Ranged Weapons
  1502 | D:2      | Reached XP level 4. HP: 25/38 MP: 3/3
  1720 | D:3      | 1720 ||| Stepping ~*~*~tactically~*~*~ (outnumbered).
  1722 | D:3      | 1722 ||| FLEEEEING.
  1723 | D:3      | 1723 ||| FLEEEEING.
  1724 | D:3      | 1724 ||| FLEEEEING.
  1725 | D:3      | 1725 ||| FLEEEEING.
  1726 | D:3      | 1726 ||| FLEEEEING.
  1727 | D:3      | 1727 ||| Stepping ~*~*~tactically~*~*~ (outnumbered).
  1739 | D:3      | HP: 10/40 [orc/+0 flail (3)]
  1740 | D:3      | 1740 ||| READING scroll of teleportation.
  1744 | D:3      | Reached XP level 5. HP: 13/46 MP: 4/4
  1926 | D:3      | 1926 ||| FLEEEEING.
  2049 | D:3      | Found a stormy altar of Qazlal.
  2195 | D:3      | Found a shimmering altar of Xom.
  2197 | D:3      | Found a basalt altar of Yredelemnul.
  2266 | D:3      | 2266 ||| UPGRADING to scarf of repulsion.
  2271 | D:3      | 2271 ||| DROPPING amulet of magic regeneration.
  2272 | D:3      | 2272 ||| READING 3 scrolls labelled HEIJUCW RAIPS.
  2273 | D:3      | 2273 ||| DRINKING 2 amethyst potions.
  2274 | D:3      | 2274 ||| READING 2 scrolls of identify.
  2274 | D:3      | 2274 ||| IDENTIFYING bubbling brown potion
  2275 | D:3      | 2275 ||| DROPPING potion of degeneration.
  2414 | D:4      | Noticed an ogre
  2421 | D:4      | HP: 5/46 [ogre/+0 giant club (17)]
  2423 | D:4      | Mangled by an ogre

Levels and vault maps discovered:
D:1:      dpeg_arrival_rooms_with_view, layout_basic,
          hellmonk_ecumenical_altar_prayer_group, minmay_misc_feat_rows
D:2:      layout_rooms, uniq_crazy_yiuf_cottage
D:3:      layout_rooms, nicolae_qazlal_general_emergency, minitemple
D:4:      layout_loops_cross, uniq_robin

Skill      XL: |  1  2  3  4 |
---------------+-------------+-----
Ranged Weapons | 5 6 |  6.8
Fighting       | 3 4 |  4.1
Armour         | 1 |  1.0
Dodging        | |  2.1
Stealth        | |  0.7

Action                     |  1- 3 |  4- 6 || total
---------------------------+-------+-------++-------
   Fire: Shortbow          |   123 |    81 ||   204
    Use: Scroll            |     5 |     3 ||     8
         Potion            |     2 |     1 ||     3
 Armour: Leather armour    |     2 |       ||     2
         Ring mail         |     9 |    19 ||    28
  Dodge: Dodged            |    33 |    22 ||    55

Table legend:
 A = Non-vault XP
 B = Vault XP
 C = Vault XP percentage of total XP
 D = Non-vault monster count
 E = Vault monster count
 F = Vault count percentage of total count
                 A         B        C        D         E       F
            +---------+---------+-------+---------+---------+-------
      Total |     306 |       4 |   1.3 |      62 |       3 |   4.6
            +---------+---------+-------+---------+---------+-------
        D:1 |      40 |       4 |   9.1 |      22 |       3 |  12.0
        D:2 |      75 |       0 |   0.0 |      15 |       0 |   0.0
        D:3 |     185 |       0 |   0.0 |      22 |       0 |   0.0
        D:4 |       6 |       0 |   0.0 |       3 |       0 |   0.0
            +---------+---------+-------+---------+---------+-------
